 Dungeon Crawl Stone Soup version 0.23-a0-389-g4a5eb33 (webtiles) character file.

255 galech the Skirmisher (level 5, -1/42 HPs)
             Began as a Demonspawn Fighter on Oct 29, 2018.
             Was a Follower of Okawaru.
             Slain by Grinder (5 damage)
             ... on level 3 of the Dungeon.
             The game lasted 00:02:40 (1548 turns).

galech the Skirmisher (Demonspawn Fighter)          Turns: 1548, Time: 00:02:41

Health: -1/42      AC: 14    Str: 16    XL:     5   Next: 91%
Magic:  5/5        EV:  7    Int:  9    God:    Okawaru [*.....]
Gold:   207        SH:  9    Dex: 14    Spells: 4/4 levels left

rFire    . . .     SeeInvis .   a - +0 war axe
rCold    . . .     Gourm    .   c - +0 shield
rNeg     . . .     Faith    .   b - +0 scale mail
rPois    .         Spirit   .   o - +0 helmet (curse)
rElec    .         Reflect  .   (no cloak)
rCorr    .         Harm     .   g - +0 pair of gloves
MR       .....                  (no boots)
Stlth    ..........             (no amulet)
HPRegen  0.14/turn              j - +3 ring of protection
MPRegen  0.09/turn              (no ring)

@: no status effects
A: icy blue scales 1, powered by pain 1
a: Heroism, Renounce Religion


You were on level 3 of the Dungeon.
You worshipped Okawaru.
Okawaru was aware of your devotion.
You were not hungry.

You visited 1 branch of the dungeon, and saw 3 of its levels.

You collected 207 gold pieces.

Inventory:

Hand Weapons
 a - a +0 war axe (weapon)
Armour
 b - a +0 scale mail (worn)
 c - a +0 shield (worn)
 g - a +0 pair of gloves (worn)
 o - a cursed +0 helmet (worn)
Jewellery
 j - a +3 ring of protection (left hand)
Scrolls
 l - a scroll of amnesia
Potions
 d - 5 potions of might
 h - 2 potions of degeneration {unknown}
 i - a potion of resistance {unknown}
 k - 2 potions of flight {unknown}
Comestibles
 f - 7 rations
 m - 3 chunks of flesh


   Skills:
 + Level 3.9 Fighting
 + Level 3.7 Axes
 + Level 3.4 Armour
 + Level 1.4 Dodging
 + Level 3.4 Shields


You had 4 spell levels left.
You didn't know any spells.
Your spell library was empty.

Dungeon Overview and Level Annotations

Branches:
Dungeon (3/15)

Altars:
Okawaru

Annotations:
D:3 Grinder


Innate Abilities, Weirdness & Mutations

You are partially covered in icy blue scales. (AC +2)
You sometimes gain a little power by taking damage.


Message History

Grinder is moderately wounded.
You block Grinder's attack. Grinder barely misses you.
You closely miss Grinder.
Grinder is moderately wounded.
An orc comes into view.
It is wielding a +1 falchion of freezing.
Grinder hits you.
* * * LOW HITPOINT WARNING * * *
You writhe in agony.
* * * LOW HITPOINT WARNING * * *
A jackal comes into view.
You see here a rat corpse.
The jackal barks!
Grinder blinks!
Grinder hits you.
* * * LOW HITPOINT WARNING * * *
There is a stone staircase leading up here.
Grinder hits you.
* * * LOW HITPOINT WARNING * * *
You writhe in agony.
You die...

.....# #...# ....# #...#
# #.#l# ##..#
.##.##.#.###.# #..#
#.......†h....# #..#
##.###....###### #..#
#..#..o.#.## #..#
#?....h....########..#
.........l.oh@.÷)).....#
..####.###.#5...)......#
#.. ...# ##.......####.#
#. .....# ##.....#)....#
..###[# #......###### #
#.#####....#.######.
#.......####........
######### #########


You could see Grinder, 2 orcs, 2 jackals and a frilled lizard.

Vanquished Creatures
  Sigmund (D:3)
  Terence (D:3)
  2 adders (D:2)
  An ooze (D:1)
  2 dart slugs (D:2)
  A leopard gecko (D:1)
  4 orcs (D:3)
  A ball python (D:1)
  7 bats
  A giant cockroach (D:3)
  10 goblins
  4 hobgoblins
  2 kobolds (D:2)
  A quokka (D:3)
  3 frilled lizards (D:2)
  13 rats
54 creatures vanquished.

Notes
Turn   | Place    | Note
-------+----------+-------------------------------------------
     0 | D:1      | galech the Demonspawn Fighter began the quest for the Orb.
     0 | D:1      | Reached XP level 1. HP: 18/18 MP: 1/1
    81 | D:1      | Gained mutation: You are partially covered in icy blue
                  | scales. (AC +2) [demonic ancestry]
    81 | D:1      | Reached XP level 2. HP: 23/24 MP: 2/2
   704 | D:2      | Reached XP level 3. HP: 29/29 MP: 3/3
   824 | D:2      | Found an iron altar of Okawaru.
   834 | D:2      | Became a worshipper of Warmaster Okawaru
  1193 | D:2      | Gained mutation: You sometimes gain a little power by
                  | taking damage. [demonic ancestry]
  1193 | D:2      | Reached XP level 4. HP: 29/37 MP: 4/4
  1331 | D:3      | Noticed Sigmund
  1433 | D:3      | Killed Sigmund
  1433 | D:3      | Reached * piety under Okawaru
  1433 | D:3      | Reached XP level 5. HP: 31/42 MP: 5/5
  1441 | D:3      | Noticed Terence
  1446 | D:3      | Killed Terence
  1446 | D:3      | Reached skill level 1 in Dodging
  1527 | D:3      | Noticed Grinder
  1548 | D:3      | Slain by Grinder

Vault maps used:
D:1:      onia_arrival_handbag
D:2:      okawaru_trees_1, first_ration
D:3:      portal_sewer_entry_e, uniq_grinder, uniq_terence, uniq_sigmund

Skill      XL: |  1  2  3  4  5 |
---------------+----------------+-----
Shields        | 3 |  3.4
Armour         | 3 |  3.4
Axes           | 2 3 |  3.7
Dodging        | 1 |  1.4
Fighting       | |  3.9

Action                   |  1- 3 |  4- 6 || total
-------------------------+-------+-------++-------
Melee: War axe           |   112 |    37 ||   149
  Use: Scroll            |       |     3 ||     3
  Eat: Chunk             |     1 |     1 ||     2
Armor: Scale mail        |    70 |    14 ||    84
Dodge: Dodged            |    31 |    10 ||    41
Block: Shield            |    51 |    10 ||    61

Table legend:
 A = Non-vault XP
 B = Vault XP
 C = Vault XP percentage of total XP
 D = Non-vault monster count
 E = Vault monster count
 F = Vault count percentage of total count
                 A         B        C        D         E       F
            +---------+---------+-------+---------+---------+-------
      Total |     106 |     259 |  71.0 |      48 |       6 |  11.1
            +---------+---------+-------+---------+---------+-------
        D:1 |      26 |      11 |  29.7 |      16 |       4 |  20.0
        D:2 |      62 |       0 |   0.0 |      24 |       0 |   0.0
        D:3 |      18 |     248 |  93.2 |       8 |       2 |  20.0
            +---------+---------+-------+---------+---------+-------
